 Dungeon Crawl Stone Soup version 0.28-a0-1202-g1e6f1b2279 (webtiles) character file.

Game seed: 12138638665086663200

60 Grim the Shooter (level 3, -6/30 HPs)
             Began as a Minotaur Hunter on Dec 20, 2021.
             Mangled by a gnoll (12 damage)
             ... on level 2 of the Dungeon.
             The game lasted 00:03:23 (2089 turns).

Grim the Shooter (Minotaur Hunter)                  Turns: 2089, Time: 00:03:24

Health: -6/30      AC:  3    Str: 16    XL:     3   Next: 82%
Magic:  2/2        EV: 12    Int:  8    God:
Gold:   38         SH:  0    Dex: 12    Spells: 2/2 levels left

rFire   . . .      SeeInvis .   b - +0 short sword
rCold   . . .      Faith    .   (no shield)
rNeg    . . .      Spirit   .   c - +0 leather armour
rPois   .          Reflect  .   (helmet restricted)
rElec   .          Harm     .   (no cloak)
rCorr   .          Rampage  .   (no gloves)
Will    .....                   (no boots)
Stlth   +.........              (no amulet)
HPRegen 0.10/turn               (no ring)
MPRegen 0.08/turn               (no ring)

@: no status effects
A: horns 2, retaliatory headbutt
a: no special abilities


You were on level 2 of the Dungeon.
You visited 1 branch of the dungeon, and saw 2 of its levels.

You collected 38 gold pieces.

Inventory:

Hand Weapons
 a - a +1 shortbow
 b - a +0 short sword (weapon)
Missiles
 d - 68 arrows
Armour
 c - a +0 leather armour (worn)
Scrolls
 e - a scroll of identify {unknown}
 g - a scroll of brand weapon {unknown}
 h - a scroll of enchant weapon {unknown}
 j - 3 scrolls of fog {unknown}
 k - a scroll of immolation {unknown}
 l - a scroll of teleportation {unknown}
 m - 4 scrolls of enchant armour {unknown}
 n - 3 scrolls of magic mapping {unknown}
Potions
 f - a potion of heal wounds {unknown}
 i - a potion of haste {unknown}


   Skills:
 - Level 2.4 Fighting
 + Level 6.1 Bows
 - Level 2.1 Dodging
 - Level 0.7 Stealth


You had 2 spell levels left.
You didn't know any spells.
Your spell library contained the following spells:

 Spells                   Type           Power      Damage    Failure   Level
 Passwall                 Tmut/Erth      0%         N/A       63%         2
 Swiftness                Air            0%         N/A       85%         3


Dungeon Overview and Level Annotations

Branches:
Dungeon (2/15)

Altars:
Gozag
Beogh

Shops:
D:2 :


Innate Abilities, Weirdness & Mutations

You have a pair of horns on your head.
You reflexively headbutt those who attack you in melee.


Message History

You kill the kobold!
d - 52 arrows (gained 1)
Things that are here:
a +0 dagger; a kobold corpse A frilled lizard comes into view.
The frilled lizard hisses angrily.
You shoot an arrow. The arrow hits the frilled lizard.
You kill the frilled lizard!
d - 52 arrows (gained 1)
d - 70 arrows (gained 18)
The gnoll shouts!
You shoot an arrow. The gnoll shouts!
The arrow hits the gnoll!
The gnoll is heavily wounded.
You hear a shout!
You shoot an arrow. The arrow barely misses the gnoll.
The gnoll hits you but does no damage.
b - a +0 short sword (weapon)
You closely miss the gnoll.
The gnoll is heavily wounded.
The gnoll hits you with a +0 flail.
You barely miss the gnoll.
You headbutt the gnoll, but do no damage.
The gnoll is heavily wounded.
The gnoll barely misses you. The gnoll hits you with a +0 whip.
You closely miss the gnoll. You headbutt the gnoll.
The gnoll is severely wounded.
The gnoll hits you with a +0 flail.
* * * LOW HITPOINT WARNING * * *
The gnoll hits you with a +0 whip!
* * * LOW HITPOINT WARNING * * *
You open the door. The gnoll barely misses you. You furiously retaliate!
You headbutt the gnoll.
There is an open door here.
A bat and a rat come into view.
You barely miss the bat. The bat hits you.
* * * LOW HITPOINT WARNING * * *
The gnoll hits you with a +0 flail!
You die...

##......g.g..# #.)..#...#...
<...###.###### #.....#.####.
##### ### #............ #..###
# # #.รท...##.###. (..#.###
r.##.## ##...###.# #. #
#..#.###....#. ##.####.###. #
#.#..#.###...b#######..........
#
###.#..#.###...#...............
###.#..#.###@#.####.####.###.
###.#..#.#g#.# #.# #.# #.
###..g.g.#.## #.# #.# #.
##.#.)#g##..# #.# #)# #.
##.#..#.###..# #.# ##.###.
##.#..#.## #..# #.# #......
##.#..#.## #.## #.# #......
##.#..#.## #.####.###.##...
##.#..#.## #..........##...


You could see 3 gnolls, a bat and a rat.

Vanquished Creatures
  An adder (D:2)
  2 worms (D:2)
  A dart slug (D:1)
  2 ball pythons (D:2)
  3 endoplasms
  4 giant cockroaches (D:1)
  5 goblins
  A hobgoblin (D:2)
  10 kobolds
  6 bats
  2 frilled lizards (D:2)
  7 rats
44 creatures vanquished.

Notes
Turn   | Place    | Note
-------+----------+-------------------------------------------
     0 | D:1      | Grim the Minotaur Hunter began the quest for the Orb.
     0 | D:1      | Reached XP level 1. HP: 18/18 MP: 0/0
   217 | D:1      | Reached XP level 2. HP: 25/25 MP: 1/1
   302 | D:1      | Reached skill level 5 in Bows
   467 | D:1      | Found a faded altar of an unknown god.
  1096 | D:1      | Reached XP level 3. HP: 30/30 MP: 2/2
  1259 | D:2      | Found Etosimp's Book Shoppe.
  1618 | D:2      | Found an opulent altar of Gozag.
  1931 | D:2      | Reached skill level 6 in Bows
  2089 | D:2      | Mangled by a gnoll

Illustrated notes

Levels and vault maps discovered:
D:1:      dpeg_arrival_short_road, layout_basic,
          hellmonk_ecumenical_altar_defaced_shrine
D:2:      minmay_razor_zed, layout_loops_ring, serial_shops, shop_statue,
          basic_altar, minmay_quantized

Skill      XL: |  1  2  3 |
---------------+----------+-----
Bows           | 5 6 |  6.1
Fighting       | |  2.4
Dodging        | |  2.1
Stealth        | |  0.7

Action                   || total
-------------------------++-------
Melee: Short sword       ||    27
       Headbutt          ||     3
 Fire: Shortbow          ||    93
Armor: Leather armour    ||    10
Dodge: Dodged            ||    32

Table legend: (Time is in decaauts)
 A = Elapsed time spent in this place.
 B = Non-inter-level travel time spent in this place.
 C = Inter-level travel time spent in this place.
 D = Time resting spent in this place.
 E = Time spent auto-exploring this place.
 F = Levels seen in this place.
 G = Mean time per level.
                   A        B        C        D        E       F      G
               +--------+--------+--------+--------+--------+-----+--------+
         Total |   2089 |   1897 |    192 |    222 |   1287 |   2 | 1044.5 |
       Dungeon |   2089 |   1897 |    192 |    222 |   1287 |   2 | 1044.5 |
               +--------+--------+--------+--------+--------+-----+--------+

Top non-repeatable levels by time:
     D:1: 1467 daAuts
     D:2: 622 daAuts
